[Event "*** Titled Tuesday 3|2 Blitz"]
[Site "Chess.com"]
[Date "2016.02.02"]
[Round "4"]
[White "tigra"]
[Black "Zkid"]
[Result "1-0"]
[WhiteElo "2398"]
[BlackElo "2486"]
[TimeControl "180+2"]
[EndTime "11:51:52 PST"]
[Termination "tigra won by resignation"]

1. e4 c5 2. Nf3 d6 3. d4 cxd4 4. Nxd4 Nf6 5. Nc3 a6 6. Bg5 e6 7.
f4 Be7 8. Qf3 Qc7 9. O-O-O Nc6 10. Nxc6 bxc6 11. g4 e5 12. f5 Bb7 13. Bc4 d5 14. Bxf6 dxc4 15. Bxg7 Rg8 16. Bh6 Qa5 17. Bd2 Bb4 18. a3 Bxa3 19. Na2 Bb4 20. Bxb4 Qxa2 21. Ba3 c5 22. Qe3 Rc8 23. h3 f6 24. Kd2 c3+ 25. Kxc3 Rg7 26. Rd6 Rd7 27. Rhd1 Rxd6 28. Rxd6 Qf7 29. Qh6 Rc6 30. Rxc6 Bxc6 31. Qe3 Qa7 32.
Bxc5 Qb7 33. Qd3 Qc7 34. Qc4 Bb5 35. Qe6+ Kd8 36. b4 Qc6 37. Qg8+ Kc7 38. Qxh7+ Kb8 39. Qg8+ Qc8 40. Qxc8+ Kxc8 41. Be7 Bf1 42. Bxf6 Bxh3 43. g5 Bg2 44. Kd3 1-0

[Event "*** Titled Tuesday 3|2 Blitz"]
[Site "Chess.com"]
[Date "2016.02.02"]
[Round "4"]
[White "spectralsoul"]
[Black "GMHess"]
[Result "1-0"]
[WhiteElo "2563"]
[BlackElo "2470"]
[TimeControl "180+2"]
[EndTime "11:51:53 PST"]
[Termination "spectralsoul won by resignation"]

1. g3 e5 2. Bg2 Nf6 3. c4 Be7 4. Nc3 O-O 5. Nf3 Nc6 6. O-O Re8 7. d4 exd4 8. Nxd4 Bf8 9. Re1 h6 10. h3 g6 11. e4 Bg7 12. Be3 Ne5 13. b3 d6 14. f4 Ned7 15. Qd2 Nc5 16. Bf2 c6 17.
Rad1 Qa5 18. Nc2 Na6 19. a3 Be6 20. Bd4 Qc7 21. Kh2 Nc5 22. Rb1 Rad8 23. b4 Bxc4 24. e5 dxe5 25. fxe5 Nb3 26. Rxb3 Bxb3 27. exf6 Rxe1 28. fxg7 Bxc2 29. Qxh6 f5 30. Nd5 cxd5 31. Bxd5+ Rxd5 32. Qh8+ Kf7 33. g8=Q+ Ke7 34. Qf6+ Kd7 35. Qxd5+ 1-0

[Event "*** Titled Tuesday 3|2 Blitz"]
[Site "Chess.com"]
[Date "2016.02.02"]
[Round "4"]
[White "AndroQueen"]
[Black "attack2mateU"]
[Result "1-0"]
[WhiteElo "2418"]
[BlackElo "2489"]
[TimeControl "180+2"]
[EndTime "11:52:03 PST"]
[Termination "AndroQueen won by resignation"]

1. d4 Nf6 2. c4 e6 3. g3 c5 4.
d5 exd5 5. cxd5 d6 6. Nc3 g6 7.
Bg2 Bg7 8. Nf3 O-O 9. O-O Re8 10. Re1 a6 11. a4 Nbd7 12. Bf4 Nh5 13. Bg5 Qc7 14. a5 Ne5 15. Nxe5 Bxe5 16. Qd2 f5 17. Na4 Bd7 18. Nb6 Rab8 19. Rac1 Bb5 20. b4 c4 21. Rc2 c3 22. Qc1 Nf6 23. f4 Bd4+ 24. e3 Rxe3 25. Qxe3 Bxe3+ 26. Rxe3 Re8 27. Rcxc3 Qf7 28.
Rxe8+ Nxe8 29. h3 Kg7 30. Kh2 h6 31. Bh4 Nf6 32. Rc8 Ne4 33. Bd8 g5 34. Rc7 gxf4 35.
gxf4 Kf8 36. Rxf7+ Kxf7 37. Bxe4 fxe4 38. Kg2 e3 39. Bh4 e2 40. Kf2 Kg6 41. Nc8 Bc4 42.
Nxd6 Bxd5 43. Kxe2 h5 44. f5+ 1-0

[Event "*** Titled Tuesday 3|2 Blitz"]
[Site "Chess.com"]
[Date "2016.02.02"]
[Round "4"]
[White "mssjust"]
[Black "AvitalBor"]
[Result "1-0"]
[WhiteElo "2551"]
[BlackElo "2347"]
[TimeControl "180+2"]
[EndTime "11:52:04 PST"]
[Termination "mssjust won by resignation"]

1. e4 e5 2. Nf3 Nc6 3. Nc3 Nf6 4. Bb5 Bd6 5. O-O O-O 6. d3 h6 7. h3 Re8 8. Be3 Bf8 9. a3 d6 10. Re1 Bd7 11. Bc4 Be6 12. Bxe6 Rxe6 13. Nd5 Ne7 14. c4 c6 15. Nxf6+ Rxf6 16. d4 Ng6 17. dxe5 dxe5 18. Qxd8 Rxd8 19. Rad1 Rfd6 20. Rxd6 Rxd6 21. Bxa7 Nf4 22.
Nxe5 Re6 23. Nf3 c5 24. Re3 g5 25. Kh2 Bd6 26. e5 Bf8 27. Rb3 h5 28. Nxg5 Rxe5 29.
Bb8 Rxg5 30. Bxf4 Rf5 31. Kg3 Bg7 32. Rxb7 Bd4 33. Be3 Be5+ 34. f4 Bf6 35. b4 cxb4 36. axb4 Bc3 37. c5 Be1+ 38. Kf3 Rd5 39. c6 1-0

[Event "*** Titled Tuesday 3|2 Blitz"]
[Site "Chess.com"]
[Date "2016.02.02"]
[Round "4"]
[White "swayamsm"]
[Black "gmjoey1"]
[Result "0-1"]
[WhiteElo "2545"]
[BlackElo "2471"]
[TimeControl "180+2"]
[EndTime "11:52:09 PST"]
[Termination "gmjoey1 won by resignation"]

1. d4 Nf6 2. c4 e6 3. Nc3 Bb4 4. e3 c5 5. Ne2 cxd4 6. exd4 d5 7. a3 Bxc3+ 8. Nxc3 O-O 9. Be3 b6 10. Rc1 Bb7 11. Qf3 Qe7 12. Qg3 Rc8 13. cxd5 exd5 14.
Bd3 Ne4 15. Bxe4 dxe4 16. O-O Nd7 17. Bf4 Nf6 18. Be5 Nh5 19. Qg4 g6 20. Rfe1 f6 21. Bg3 f5 22. Qd1 f4 23. d5 fxg3 24. hxg3 Nf6 25. Qd4 Re8 26. Rcd1 Rad8 27. d6 Qe5 28. Qc4+ Kg7 29. Nb5 Ba6 30. a4 Bxb5 31. axb5 Rxd6 32. Qc7+ Rd7 33. Rxd7+ Nxd7 34. Qxd7+ Re7 35. Qc6 Qxb2 36. Rxe4 Qb1+ 37. Kh2 Qxe4 38. Qd6 Qe5 39. Qc6 Qh5+ 0-1

[Event "*** Titled Tuesday 3|2 Blitz"]
[Site "Chess.com"]
[Date "2016.02.02"]
[Round "4"]
[White "VMikhalevski"]
[Black "Boryboy"]
[Result "0-1"]
[WhiteElo "2508"]
[BlackElo "2497"]
[TimeControl "180+2"]
[EndTime "11:52:18 PST"]
[Termination "Boryboy won on time"]

1. Nf3 Nf6 2. g3 e6 3. Bg2 d5 4.
O-O Be7 5. c4 O-O 6. b3 a5 7.
Nc3 d4 8. Nb5 Nc6 9. Bb2 e5 10. e3 Bc5 11. Nxe5 Nxe5 12. exd4 Nd3 13. Bc3 Be7 14. Qf3 Nb4 15. d5 c6 16. dxc6 bxc6 17.
Nd4 Bd7 18. a3 Bg4 19. Qe3 c5 20. axb4 cxd4 21. Bxd4 Bxb4 22. Bxa8 Qxa8 23. f3 Be6 24. Bc5 Bxc5 25. Qxc5 Qb8 26. Ra3 h5 27. Qxa5 h4 28. f4 h3 29. Qe5 Qb7 30. Qe2 Bg4 31. Qf2 Re8 32. d4 Re2 33. d5 Rxf2 34. Rxf2 Ne4 0-1

[Event "*** Titled Tuesday 3|2 Blitz"]
[Site "Chess.com"]
[Date "2016.02.02"]
[Round "4"]
[White "Cecile_Haussernot"]
[Black "madalin18"]
[Result "1-0"]
[WhiteElo "2176"]
[BlackElo "2001"]
[TimeControl "180+2"]
[EndTime "11:52:19 PST"]
[Termination "Cecile_Haussernot won by resignation"]

1. e4 c5 2. Nf3 d6 3. d4 cxd4 4.
Nxd4 Nf6 5. Nc3 a6 6. h3 b5 7. g4 Bb7 8. Bg2 h6 9. O-O e6 10. Re1 Nfd7 11. f4 e5 12. Nf3 Nc6 13. Nd5 exf4 14.
Bxf4 Nce5 15. Nd4 Rc8 16. a4 Bxd5 17. exd5 Qb6 18. axb5 axb5 19. Be3 Qb7 20. Nc6 Ra8 21. Bd4 f6 22. Qd3 Kf7 23. Qf5 g6 24. Qe6+ Kg7 25.
Rxa8 Qxa8 26. Rf1 Kh7 27. Nxe5 Nxe5 28. Bxe5 Qa7+ 29. Kh2 dxe5 30. Rxf6 Bg7 31. Rf7 Qe3 32. d6 Rg8 33. d7 Qd4 34. c3 Qd2 35. Qe7 Qd5 36.
Bxd5 1-0

[Event "*** Titled Tuesday 3|2 Blitz"]
[Site "Chess.com"]
[Date "2016.02.02"]
[Round "4"]
[White "KyronGriffith"]
[Black "gumersindo"]
[Result "0-1"]
[WhiteElo "2257"]
[BlackElo "2248"]
[TimeControl "180+2"]
[EndTime "11:52:22 PST"]
[Termination "gumersindo won on time"]

1. e4 c6 2. d4 d5 3. e5 Bf5 4. h4 h5 5. c4 e6 6. Nc3 Ne7 7.
cxd5 Nxd5 8. Nge2 Nd7 9. Ng3 Nxc3 10. bxc3 g6 11. Nxf5 gxf5 12. Be2 Qa5 13. Bd2 Bh6 14. Rh3 Bxd2+ 15. Qxd2 O-O-O 16. Qb2 Nb6 17. Kf1 Nd5 18. Rb1 Qc7 19. Rg3 Rdg8 20. Rxg8+ Rxg8 21. Bxh5 Rh8 22. Bf3 Rxh4 23. g3 Rh8 24. Kg2 Ne7 25. c4 Ng6 26. d5 exd5 27. cxd5 Re8 28. d6 Qd7 29. Re1 Kb8 30. Qd4 f4 31. Re2 fxg3 32. fxg3 Qf5 33. d7 Rd8 34. Qd6+ Ka8 35. Bxc6 Nh4+ 36. Kh2 Nf3+ 37.
Bxf3 Qxf3 0-1

[Event "*** Titled Tuesday 3|2 Blitz"]
[Site "Chess.com"]
[Date "2016.02.02"]
[Round "4"]
[White "AndrewMcStone"]
[Black "Grootneus"]
[Result "0-1"]
[WhiteElo "2013"]
[BlackElo "2021"]
[TimeControl "180+2"]
[EndTime "11:52:24 PST"]
[Termination "Grootneus won by resignation"]

1. d4 Nf6 2. c4 c5 3. d5 b5 4. cxb5 a6 5. f3 axb5 6. e4 Qa5+ 7. Bd2 b4 8. Na3 Qd8 9. Nc4 d6 10. a3 e6 11. dxe6 Bxe6 12. axb4 Rxa1 13. Qxa1 d5 14.
exd5 Nxd5 15. b5 Nb4 16. Bxb4 cxb4 17. Qd1 Qf6 18. Nd6+ Bxd6 19. Qxd6 Nd7 20. Qd2 O-O 21. Bd3 Ne5 22. Bb1 Rd8 23. Qxb4 Qg5 24. Qe4 Qd2+ 25. Kf1 Bc4+ 26. Ne2 Bxe2+ 27. Qxe2 Qc1+ 28. Kf2 Qxh1 29. Qxe5 Qxb1 30. b6 Qg6 31. b7 Qb6+ 32. Kg3 Qxb7 0-1

[Event "*** Titled Tuesday 3|2 Blitz"]
[Site "Chess.com"]
[Date "2016.02.02"]
[Round "4"]
[White "JusticeBot"]
[Black "Winehouse83"]
[Result "1-0"]
[WhiteElo "2424"]
[BlackElo "2293"]
[TimeControl "180+2"]
[EndTime "11:52:30 PST"]
[Termination "JusticeBot won by checkmate"]

1. e4 e5 2. Nf3 Nc6 3. Bc4 Bc5 4. b4 Bxb4 5. c3 Be7 6. d4 d6 7. Qb3 Nf6 8. Bxf7+ Kf8 9. Ng5 exd4 10. Bg6 d5 11.
Nf7 Qe8 12. exd5 hxg6 13. dxc6 Bd6+ 14. Be3 Be6 15. Nxd6 cxd6 16. Qb4 dxe3 17. cxb7 Rb8 18. Qxd6+ Kf7 19. fxe3 Bc4 20. Qc7+ Kg8 21. Qxc4+ Kh7 22. O-O Qxe3+ 23. Kh1 Rxb7 24. Qh4+ Kg8 25. Qc4+ Rf7 26. Na3 Qg3 27. Qc8+ Rf8 28. Qe6+ Rf7 29. h3 Qxc3 30. Rac1 Qxa3 31. Rc8+ Kh7 32. Rxh8+ Kxh8 33. Qxf7 Nh5 34. Re1 Ng3+ 35. Kh2 Qd6 36. Re8+ Kh7 37. Qg8+ Kh6 38. Qe6 Qf4 39. Rh8+ Kg5 40. Qe7+ Kf5 41. Rf8# 1-0

[Event "*** Titled Tuesday 3|2 Blitz"]
[Site "Chess.com"]
[Date "2016.02.02"]
[Round "4"]
[White "MasterLeif"]
[Black "lionheart95"]
[Result "0-1"]
[WhiteElo "2336"]
[BlackElo "2225"]
[TimeControl "180+2"]
[EndTime "11:52:34 PST"]
[Termination "lionheart95 won by resignation"]

1. e4 e6 2. d4 d5 3. Nc3 Nf6 4. Bg5 Be7 5. e5 Nfd7 6. Bxe7 Qxe7 7. f4 O-O 8. Nf3 c5 9. dxc5 Nc6 10. Qd2 Nxc5 11. O-O-O a6 12. Kb1 b5 13. Bd3 b4 14.
Ne2 a5 15. Ned4 Nxd4 16. Nxd4 Ba6 17. g4 Bxd3 18. cxd3 f6 19. Rhe1 fxe5 20. Rxe5 Qf6 21. Rde1 Qxf4 22. Qxf4 Rxf4 23. Nxe6 Nxe6 24. Rxe6 Rxg4 25.
Rd6 Rg5 26. h4 Rh5 27. Rd7 Rxh4 28. Rg1 g6 29. Rxd5 Rf4 30. Re1 Rf7 31. b3 Kg7 32. Ree5 Rfa7 33. d4 h5 34. Rd6 Rf8 35. Rc6 Rf6 36.
Rc2 Rd6 37. d5 Rad7 38. Rc5 Kf6 39. Re6+ Rxe6 40. dxe6 Kxe6 41. Rxa5 h4 42. Ra4 Rb7 43.
Ra6+ Kf5 44. Ra8 g5 45. Kc2 Kf4 46. Rh8 Kg3 47. Rh7 Rxh7 0-1

[Event "*** Titled Tuesday 3|2 Blitz"]
[Site "Chess.com"]
[Date "2016.02.02"]
[Round "4"]
[White "ftorodent"]
[Black "pKiLz5Rn9b"]
[Result "1-0"]
[WhiteElo "2345"]
[BlackElo "2339"]
[TimeControl "180+2"]
[EndTime "11:52:39 PST"]
[Termination "ftorodent won by resignation"]

1. d4 e6 2. c4 Nf6 3. Nf3 b6 4. a3 Bb7 5. Nc3 d5 6. cxd5 exd5 7. Bf4 Be7 8. e3 O-O 9. Bd3 c5 10. O-O Nbd7 11. Rc1 Ne4 12. Bb1 Ndf6 13. Ne2 Rc8 14. Ne5 Re8 15. Qd3 g6 16. Rfd1 c4 17. Qc2 b5 18. Ng3 a5 19. Nxe4 Nxe4 20. f3 Nd6 21. Qd2 Qb6 22. Nd7 Qc7 23. Nc5 Qb6 24. e4 Bc6 25. e5 Nb7 26. Nxb7 Bxb7 27. Be3 b4 28. axb4 axb4 29. f4 Rc6 30. f5 Bc8 31. Qf2 c3 32. bxc3 bxc3 33. Rf1 gxf5 34. Bxf5 Ba6 35. Bxh7+ Kh8 36. Qxf7 Rf8 37. Qxe7 Rxf1+ 38. Rxf1 Bxf1 39. Bc2 Rg6 40. Qf8+ Kh7 41. Qxf1 1-0

[Event "*** Titled Tuesday 3|2 Blitz"]
[Site "Chess.com"]
[Date "2016.02.02"]
[Round "4"]
[White "FabianEnglert"]
[Black "Quiet_Desperation"]
[Result "0-1"]
[WhiteElo "2324"]
[BlackElo "2109"]
[TimeControl "180+2"]
[EndTime "11:52:42 PST"]
[Termination "Quiet_Desperation won by resignation"]

1. Nf3 Nf6 2. g3 e6 3. Bg2 d5 4. O-O Be7 5. c4 O-O 6. b3 c6 7. d4 Nbd7 8. Nc3 b6 9. e4 dxe4 10. Ng5 Bb7 11. Ngxe4 e5 12. Nxf6+ Bxf6 13. d5 c5 14. Qc2 g6 15. Bh6 Re8 16. Ne4 Nf8 17. Nxf6+ Qxf6 18. Qd2 Nd7 19. Rae1 Qd6 20. h4 f5 21. h5 Nf6 22. hxg6 hxg6 23. Qg5 Kf7 24. Qc1 Rh8 25. Bg5 Rh7 26. Re2 Rah8 27. Rfe1 e4 28. Bf4 Qf8 29. f3 Qg7 30. fxe4 Nxe4 31. Rxe4 fxe4 32.
Rxe4 Qf6 33. Qe1 g5 34. Re6 Qd4+ 35. Be3 Qb2 36. Qf1+ Kg7 37. Re7+ Kg8 38. Re8+ Kg7 39. Re7+ Kg8 40. d6 Rh1+ 0-1

[Event "*** Titled Tuesday 3|2 Blitz"]
[Site "Chess.com"]
[Date "2016.02.02"]
[Round "4"]
[White "jcibarra"]
[Black "VSERGUEI"]
[Result "0-1"]
[WhiteElo "2519"]
[BlackElo "2433"]
[TimeControl "180+2"]
[EndTime "11:52:48 PST"]
[Termination "VSERGUEI won by resignation"]

1. e4 e6 2. d4 d5 3. Nd2 Nf6 4. e5 Nfd7 5. f4 c5 6. c3 Nc6 7.
Ndf3 Qb6 8. a3 c4 9. Ne2 Na5 10.
Rg1 Qb3 11. Qd2 Nb6 12. g4 h5 13. h3 hxg4 14. hxg4 Qb5 15. Qe3 Nb3 16. Rb1 Bd7 17.
Ng3 O-O-O 18. Be2 Kb8 19. Kf2 Ka8 20. Ng5 Be8 21. f5 Qc6 22. Qf3 Nxc1 23. Rbxc1 Be7 24. f6 gxf6 25. exf6 Bd6 26. Rh1 Rg8 27. Qe3 Na4 28.
Rb1 Qc7 29. Nh5 e5 30. Kg2 exd4 31. cxd4 Bc6 32. Nh3 Rde8 33. Qf2 c3 34. b3 c2 35. Rbc1 Nc3 36. Rxc2 Nxe2 37. Rxe2 Rxg4+ 38. Kf3 Rge4 39. Rhe1 Bxa3 40. Ng7 Rh8 41. Qg2 Bb4 42. Rc1 Rxe2 43.
Kxe2 Qa5 44. Rc2 Qa1 45. Ng5 Qe1+ 46. Kf3 Qd1+ 47. Re2 Qxd4 48. Qg4 Qxf6+ 49. Nf5 d4+ 50. Kg3 d3 51. Rf2 Be1 0-1

[Event "*** Titled Tuesday 3|2 Blitz"]
[Site "Chess.com"]
[Date "2016.02.02"]
[Round "4"]
[White "stepanosinovsky"]
[Black "arnacman"]
[Result "1-0"]
[WhiteElo "2273"]
[BlackElo "2237"]
[TimeControl "180+2"]
[EndTime "11:53:03 PST"]
[Termination "stepanosinovsky won by resignation"]

1. e4 c5 2. Nf3 d6 3. d4 cxd4 4. Nxd4 Nf6 5. Nc3 a6 6. Be3 e5 7. Nb3 Be7 8. Qd2 Be6 9. O-O-O Ng4 10. g3 Nd7 11. Kb1 O-O 12. f4 Nxe3 13. Qxe3 f6 14. h4 Rc8 15. h5 h6 16. Bh3 Bxh3 17. Rxh3 Nb6 18. Nd5 Nxd5 19. Rxd5 Qc7 20. Rh2 f5 21. Rhd2 exf4 22. gxf4 fxe4 23. Qxe4 Kh8 24. Nd4 Qc4 25. Re2 Bf6 26. Ne6 Rfe8 27. Qxc4 Rxc4 28. c3 Rc6 29. a3 Re7 30. f5 Rf7 31. Red2 Be5 32. Nd8 Rxf5 33. Nxc6 bxc6 34. Ra5 Rxh5 35. Rxa6 c5 36.
a4 Rh1+ 37. Ka2 h5 38. a5 h4 39. Ra8+ Kh7 40. a6 h3 41. a7 h2 42. Rh8+ Kxh8 43. a8=Q+ Kh7 44. Qxh1 c4 45. Rxh2+ Kg8 46. Qd5+ Kf8 47.
Rh8+ Ke7 48. Ra8 Kf6 49. Rf8+ Kg5 50. Qg2+ 1-0

[Event "*** Titled Tuesday 3|2 Blitz"]
[Site "Chess.com"]
[Date "2016.02.02"]
[Round "4"]
[White "Maitreia"]
[Black "davidarenas1224"]
[Result "1-0"]
[WhiteElo "2457"]
[BlackElo "2197"]
[TimeControl "180+2"]
[EndTime "11:53:07 PST"]
[Termination "Maitreia won by resignation"]

1. c4 g6 2. g3 Bg7 3. Bg2 c5 4. Nc3 Nc6 5. Nf3 e5 6. a3 Nge7 7. Rb1 a5 8. d3 O-O 9. Nd2 d6 10. Nf1 Rb8 11. Ne3 Be6 12. O-O Nd4 13. b4 b5 14.
bxc5 b4 15. axb4 axb4 16. cxd6 bxc3 17. Rxb8 Qxb8 18. dxe7 Re8 19. Nd5 Bxd5 20. Bxd5 Rxe7 21. e3 Ne6 22. Bxe6 Rxe6 23. Qc2 Qb4 24. e4 Bf8 25. Be3 Qb2 26. Rc1 Bb4 27. Kg2 Ra6 28. c5 Kg7 29. d4 Ra2 30. Qd3 h5 31. dxe5 Bxc5 32. e6 Bxe3 33. Qxe3 fxe6 34. Rxc3 Qb7 35. Qd4+ Kh6 36.
Re3 Ra8 37. Qe5 Qd7 38. Rf3 Ra4 39. Rf6 Qb7 40. Rxe6 Ra2 41. Qh8+ Qh7 42. Qxh7+ Kxh7 43. Re7+ Kh6 44. h4 Re2 45. Kf3 Re1 46. Kf4 Re2 47. f3 Rf2 48. e5 Re2 49. g4 hxg4 50. fxg4 g5+ 51. hxg5+ Kg6 52. Re6+ Kg7 53. g6 Ra2 54. Kg5 Ra7 55. Rf6 Re7 56. Rf7+ Rxf7 57. gxf7 Kxf7 58.
Kf5 1-0

[Event "*** Titled Tuesday 3|2 Blitz"]
[Site "Chess.com"]
[Date "2016.02.02"]
[Round "4"]
[White "BahadirOzen"]
[Black "FairChess_on_YouTube"]
[Result "1-0"]
[WhiteElo "2523"]
[BlackElo "2741"]
[TimeControl "180+2"]
[EndTime "11:53:10 PST"]
[Termination "BahadirOzen won by resignation"]

1. d4 d5 2. c4 c6 3. Nc3 Nf6 4. e3 Bf5 5. Nf3 a6 6. Bd3 Bxd3 7. Qxd3 e6 8. O-O Bb4 9. Bd2 O-O 10. Rfd1 a5 11. a3 Bxc3 12. Bxc3 Ne4 13. Be1 a4 14. b4 axb3 15. Qxb3 Ra7 16. Ne5 Nd7 17. cxd5 exd5 18. Nxd7 Qxd7 19. f3 Nd6 20. Bb4 Re8 21. Bc5 Ra6 22. Rab1 b5 23. Re1 Nc4 24. Re2 f5 25.
Rbe1 Raa8 26. e4 fxe4 27. fxe4 Qg4 28. h3 Qh5 29. e5 Re6 30. Rf2 h6 31. Ref1 Kh7 32.
Bf8 Ra7 33. Kh2 Qg6 34. Bc5 Rb7 35. g4 Qe4 36. Qg3 Ne3 37. Rg1 Rg6 38. Rf3 Nc4 39. Qf2 Rb8 40. Re1 Rxg4 41. Rxe4 Rxe4 42. Rf7 Ne3 43. Qg1 Rg8 44. Bf8 Rxd4 45. Rxg7+ 1-0

[Event "*** Titled Tuesday 3|2 Blitz"]
[Site "Chess.com"]
[Date "2016.02.02"]
[Round "4"]
[White "BillieKimbah"]
[Black "MITerryble"]
[Result "0-1"]
[WhiteElo "2389"]
[BlackElo "2612"]
[TimeControl "180+2"]
[EndTime "11:53:11 PST"]
[Termination "MITerryble won on time"]

1. d4 e6 2. Nf3 Nf6 3. Bf4 b6 4. e3 Bb7 5. Nbd2 Be7 6. h3 O-O 7. Bd3 d5 8. O-O Nbd7 9. Qe2 Ne4 10. c4 c5 11. cxd5 exd5 12. Ne5 Nxe5 13. Bxe5 Nxd2 14.
Qxd2 c4 15. Bc2 Bd6 16. Rad1 f6 17. Bxd6 Qxd6 18. f3 f5 19. g4 Rae8 20. Bxf5 Qg3+ 21. Qg2 Qxg2+ 22. Kxg2 g6 23. Bd7 Rxe3 24. Rde1 Rfxf3 25. Be6+ Kg7 26. Rxe3 Rxe3 27. Rf7+ Kg8 28. Rf6+ Kg7 29. Rf7+ Kh6 30. Bd7 Kg5 31. Rxh7 Kf4 32. h4 Re2+ 33. Kf1 Rxb2 34. h5 gxh5 35. gxh5 c3 36. Ba4 Ba6+ 37. Ke1 Rxa2 38. h6 Bd3 39. Rf7+ Ke3 40. h7 Ra1+ 41.
Bd1 c2 42. Rf3+ Ke4 43. h8=Q cxd1=Q+ 0-1

[Event "*** Titled Tuesday 3|2 Blitz"]
[Site "Chess.com"]
[Date "2016.02.02"]
[Round "4"]
[White "StellarChessPro"]
[Black "DrVitman"]
[Result "0-1"]
[WhiteElo "2218"]
[BlackElo "2227"]
[TimeControl "180+2"]
[EndTime "11:53:14 PST"]
[Termination "DrVitman won by checkmate"]

1. d4 Nf6 2. Bg5 c5 3. Bxf6 gxf6 4. d5 f5 5. e3 Bg7 6. c3 e5 7. Ne2 d6 8. Qc2 Qg5 9. h4 Qh6 10. Ng3 f4 11. Nf5 Qf6 12. Nxg7+ Qxg7 13. exf4 exf4 14.
Nd2 Qe5+ 15. Qe4 Kd8 16. O-O-O Qxe4 17. Nxe4 Kc7 18. Bd3 Bg4 19. Rde1 Nd7 20. Bb5 Ne5 21. Nf6 Bf5 22. Kd2 a6 23. Bf1 h5 24. Be2 Bg4 25.
Nxg4 hxg4 26. g3 f3 27. Bd3 b5 28. Bf5 Rag8 29. b3 Rh5 30. Bc2 Re8 31. Re3 f5 32.
Rhe1 Re7 33. Kc1 Kd8 34. Kb2 a5 35. Kc1 b4 36. c4 Ke8 37. Kb2 Kf7 38. a3 Kf6 39. axb4 axb4 40. Ra1 f4 41. gxf4 Nxc4+ 42. bxc4 Rxe3 43. fxe3 g3 44. Be4 f2 45. Kc2 Rxh4 46.
Kd2 b3 47. Ke2 Rh8 48. Rb1 Ra8 49. Bg2 Ra2+ 50. Kf3 Rc2 51. Kxg3 Rxc4 52. Kxf2 Rc2+ 53. Kg3 c4 54. e4 b2 55. Bf1 c3 56. Bd3 Rd2 57.
Bc2 Rxc2 58. Rh1 Rc1 59. Rh6+ Kg7 60. Rxd6 b1=Q 61. Kg4 Qxe4 62. Rd7+ Kf8 63. Kg5 Rg1+ 64. Kf6 Rg6# 0-1

[Event "*** Titled Tuesday 3|2 Blitz"]
[Site "Chess.com"]
[Date "2016.02.02"]
[Round "4"]
[White "kpio91"]
[Black "Saitama_Hero"]
[Result "1/2-1/2"]
[WhiteElo "2503"]
[BlackElo "2078"]
[TimeControl "180+2"]
[EndTime "11:53:17 PST"]
[Termination "Game drawn by agreement"]

1. e4 c5 2. c3 g6 3. d4 cxd4 4.
cxd4 d5 5. e5 Bg7 6. Nc3 Nc6 7.
Nf3 Bg4 8. Bb5 Nh6 9. Bxh6 Bxh6 10. h3 Bxf3 11. Qxf3 e6 12. Bxc6+ bxc6 13. O-O O-O 14.
Na4 f6 15. Nc5 fxe5 16. Qg4 Rf5 17. dxe5 Qe7 18. Nd3 c5 19. b3 Rc8 20. f4 c4 21.
Nc1 Qc5+ 22. Kh1 Rcf8 23. Ne2 c3 24. Ng3 Rxf4 25. Qxe6+ Kh8 26. Rxf4 Bxf4 27. Ne2 c2 28. Rf1 c1=Q 29. Nxc1 Bxc1 30. Rf7 Rxf7 31. Qxf7 Bg5 32. Kh2 Qe7 33. Qxd5 Bf4+ 34. Kg1 Qxe5 35. Qa8+ Kg7 36. Qxa7+ Kh6 37. Kf1 Be3 38. Qb7 Qf4+ 39. Ke2 Qf2+ 40.
Kd3 Qd2+ 41. Kc4 Qc2+ 42. Kb5 Qc5+ 43. Ka4 Qd4+ 44. b4 Qd1+ 45. Ka5 Qd8+ 46. Ka6 Qd3+ 47. Qb5 1/2-1/2

[Event "*** Titled Tuesday 3|2 Blitz"]
[Site "Chess.com"]
[Date "2016.02.02"]
[Round "4"]
[White "Jahonas"]
[Black "oskariot"]
[Result "0-1"]
[WhiteElo "2160"]
[BlackElo "2334"]
[TimeControl "180+2"]
[EndTime "11:53:26 PST"]
[Termination "oskariot won on time"]

1. e4 c5 2. Nf3 d6 3. Nc3 Nf6 4. Bb5+ Bd7 5. a4 a6 6. Bxd7+ Nbxd7 7. O-O g6 8. d4 cxd4 9. Nxd4 Bg7 10. Be3 O-O 11.
Kh1 Rc8 12. f4 Nb6 13. e5 dxe5 14. fxe5 Nfd5 15. Nxd5 Nxd5 16. Bg1 Bxe5 17. Qe2 Bg7 18. Rad1 Qc7 19. c3 e5 20. Nb5 axb5 21. Rxd5 bxa4 22. Qb5 Qc6 23. Ra1 Ra8 24. Rc5 Qxb5 25. Rxb5 e4 26. Rxb7 f5 27. Rb4 Rfb8 28. Rbxa4 Rxa4 29. Rxa4 Bf8 30. b4 f4 31. b5 Rxb5 32. Rxe4 Rb1 33. Rc4 g5 34. h3 Kf7 35. Kh2 Bd6 36. Bc5 Be5 37. Bd4 Bb8 38. Bf2 Rb2 39. Kg1 Rb1+ 40.
Kh2 f3+ 41. g3 Rf1 42. Bd4 Re1 43. Rb4 Re2+ 44. Kg1 Bxg3 45. Rb7+ Kg6 46. Rb6+ Kh5 47. Rb1 Rg2+ 48. Kf1 Rh2 49. Rb2 Rxb2 0-1

[Event "*** Titled Tuesday 3|2 Blitz"]
[Site "Chess.com"]
[Date "2016.02.02"]
[Round "4"]
[White "alturas_pacificas"]
[Black "AungTZ"]
[Result "0-1"]
[WhiteElo "2014"]
[BlackElo "2097"]
[TimeControl "180+2"]
[EndTime "11:53:44 PST"]
[Termination "AungTZ won by resignation"]

1. d4 Nf6 2. Bf4 e6 3. e3 d5 4. Nd2 c5 5. c3 Bd7 6. Ngf3 Qb6 7. Rb1 Bb5 8. Bxb5+ Qxb5 9. Qe2 Qxe2+ 10. Kxe2 Nc6 11. Rhd1 Be7 12. Ne5 Rc8 13. Rbc1 Nxe5 14. Bxe5 Nd7 15. Bg3 O-O 16. Nf3 f6 17. Kf1 Kf7 18.
Re1 g5 19. e4 dxe4 20. Nd2 f5 21. h3 cxd4 22. cxd4 Bb4 23. Ke2 Bxd2 24. Kxd2 f4 25.
Bh2 Nf6 26. Rc3 Rfd8 27. Rxc8 Rxc8 28. h4 h6 29. a3 Rc4 30. hxg5 hxg5 31. g3 Rxd4+ 32.
Kc3 Rd3+ 33. Kc2 f3 34. g4 Rd5 35. Bb8 a6 36. b4 b5 37. Kb3 Kg6 38. a4 Rd2 39.
axb5 axb5 40. Bg3 Rd3+ 41. Kb2 Rd2+ 42. Kb3 Nxg4 43. Rxe4 Nxf2 44. Rxe6+ Kf5 45. Rb6 Ne4 46. Rxb5+ Kg4 47. Be1 Re2 48. Bc3 Nxc3 49. Rb8 f2 50. Rf8 Ne4 51. b5 Re1 52. b6 Rb1+ 53. Kc4 Rxb6 54.
Kd4 Rf6 0-1

[Event "*** Titled Tuesday 3|2 Blitz"]
[Site "Chess.com"]
[Date "2016.02.02"]
[Round "4"]
[White "Hafez_Bakr"]
[Black "ethylalcohol"]
[Result "1/2-1/2"]
[WhiteElo "1739"]
[BlackElo "1730"]
[TimeControl "180+2"]
[EndTime "11:53:51 PST"]
[Termination "Game drawn by repetition"]

1. e4 e5 2. Nf3 Nc6 3. Bb5 Nf6 4.
O-O Nxe4 5. d4 Nd6 6. Bxc6 dxc6 7. dxe5 Nf5 8. Qxd8+ Kxd8 9. c4 h6 10. Nc3 Be6 11. b3 Ke8 12. Bf4 Rd8 13. Rfd1 Be7 14. Rxd8+ Bxd8 15. Rd1 Be7 16. Nd4 Nxd4 17. Rxd4 Bc5 18.
Rd1 Ke7 19. Ne4 Bb4 20. Bc1 Rd8 21. Rxd8 Kxd8 22. a3 Be7 23. Bb2 a5 24. f4 a4 25.
bxa4 Bxc4 26. Kf2 b6 27. Ke3 Bd5 28. g4 g6 29. h3 Bb3 30. Kd4 Bxa4 31. f5 c5+ 32.
Kd3 Bb5+ 33. Ke3 Bg5+ 34. Nxg5 hxg5 35. fxg6 fxg6 36. Ke4 Bc6+ 37. Ke3 Bg2 38. Kf2 Bxh3 39. Kg3 Bf1 40. Bc1 Kd7 41. Bxg5 Ke6 42. Bf4 b5 43. Kf2 Bc4 44. Ke3 Bd5 45. Kd2 b4 46. axb4 cxb4 47.
Kd3 Bf3 48. g5 Bd5 49. Kd4 c6 50. Bd2 b3 51. Bc3 Kf5 52. Kc5 Ke6 53. Kd4 Bf3 54. Ke3 Bd5 55. Kd4 Bf3 56. Kc5 Bd5 57. Kd4 Bf3 58.
Kc5 Bd5 59. Kd4 1/2-1/2

[Event "*** Titled Tuesday 3|2 Blitz"]
[Site "Chess.com"]
[Date "2016.02.02"]
[Round "4"]
[White "MateusViageiro"]
[Black "Parthenope"]
[Result "1-0"]
[WhiteElo "2165"]
[BlackElo "1730"]
[TimeControl "180+2"]
[EndTime "11:54:05 PST"]
[Termination "MateusViageiro won on time"]

1. e4 c5 2. Nf3 d6 3. d4 cxd4 4. Nxd4 Nf6 5. Nc3 a6 6. Be3 e6 7. f3 b5 8. Qd2 Nbd7 9. O-O-O Bb7 10. Kb1 Rc8 11. g4 h6 12. Rg1 Nc5 13. h4 b4 14.
Nce2 a5 15. g5 hxg5 16. hxg5 Nfxe4 17. fxe4 Bxe4 18. Ng3 Bg6 19. Bb5+ Nd7 20. Nc6 Qc7 21.
Ka1 Qb7 22. Ne5 Qxb5 23. Nxg6 fxg6 24. Rge1 Be7 25. Ne4 Rc6 26. Bd4 Ne5 27. Bxe5 Qxe5 28. Nf6+ Bxf6 29. Rxe5 Bxe5 30. Qd3 Rh2 31. Qxg6+ Kd7 32.
Qf7+ Kc8 33. Qe8+ Kc7 34. Qe7+ Kb6 35. Qd8+ Ka6 36. Qa8+ Kb6 37. Qb8+ Ka6 38. Qa8+ Kb6 39. Rc1 Rcxc2 40. Qb8+ Ka6 41. Qa8+ Kb6 42. Qb8+ Ka6 43. Qa8+ Kb6 44. Rxc2 Rxc2 45. Qd8+ Ka6 46. Kb1 Rxb2+ 47.
Kc1 a4 48. Qc8+ Kb6 49. Qd8+ Kb5 50. Qd7+ 1-0